 Dungeon Crawl Stone Soup version 0.26.0-15-gc6cd9f7 (webtiles) character file.

Game seed: 14930615125585470117

1032 Jonnyslop the Thaumaturge (level 8, -7/41 HPs)
             Began as a Deep Elf Fire Elementalist on Jan 17, 2021.
             Was an Initiate of Vehumet.
             Mangled by an ice beast (12 damage)
             ... on level 6 of the Dungeon on Jan 18, 2021.
             The game lasted 00:19:25 (7503 turns).

Jonnyslop the Thaumaturge (DEFE)                    Turns: 7503, Time: 00:19:26

Health: -7/41      AC:  4    Str:  5    XL:     8   Next: 3%
Magic:  19/22      EV: 13    Int: 29    God:    Vehumet [......]
Gold:   387        SH:  0    Dex: 15    Spells: 8/24 levels left

rFire    . . .     SeeInvis .   h - +1 spear (vamp)
rCold    . . .     Faith    .   (no shield)
rNeg     . . .     Spirit   .   a - +1 robe
rPois    +         Reflect  .   (no helmet)
rElec    .         Harm     .   (no cloak)
rCorr    .         Rampage  .   u - +0 pair of gloves
Will     .....                  (no boots)
Stlth    ++........             (no amulet)
HPRegen  0.13/turn              d - ring of poison resistance
MPRegen  0.18/turn              c - +6 ring of intelligence

@: no status effects
A: no striking features
a: Renounce Religion


You were on level 6 of the Dungeon.
You worshipped Vehumet.
Vehumet was noncommittal.
You visited 2 branches of the dungeon, and saw 7 of its levels.

You collected 387 gold pieces.

Inventory:

Hand Weapons
 h - a +1 vampiric spear (weapon)
Armour
 a - a +1 robe (worn)
 e - a +2 pair of gloves
 u - a +0 pair of gloves (worn)
Magical Staves
 q - an uncursed staff of death
Jewellery
 c - a +6 ring of intelligence (right hand)
 d - a ring of poison resistance (left hand)
 j - a +6 ring of strength
 k - an uncursed ring of positive energy
 t - an uncursed ring of flight
Wands
 y - a wand of digging (3)
Scrolls
 g - 4 scrolls of remove curse
 i - 2 scrolls of enchant weapon
 l - a scroll of enchant armour
 n - 4 scrolls of amnesia
 p - 2 scrolls of identify
 r - 5 scrolls of teleportation
Potions
 b - a potion of flight
 f - 5 potions of curing
 m - a potion of attraction
 o - a potion of brilliance {unknown}
 s - 2 potions of ambrosia {unknown}
 w - a potion of haste
 x - a potion of might {unknown}


   Skills:
 - Level 2.4 Dodging
 - Level 2.4 Stealth
 + Level 8.7 Spellcasting
 + Level 5.3 Conjurations
 + Level 6.2 Fire Magic


You had 8 spell levels left.
You knew the following spells:

 Your Spells              Type           Power        Failure   Level
a - Foxfire               Conj/Fire      100%         1%          1
b - Conjure Flame         Conj/Fire      46%          1%          3
c - Sticky Flame          Conj/Fire      46%          3%          4
d - Inner Flame           Hex/Fire       30%          3%          3
e - Fireball              Conj/Fire      23%          11%         5

Your spell library contained the following spells:

 Spells                   Type           Power        Failure   Level


Dungeon Overview and Level Annotations

Branches:
Dungeon (6/15)             Temple (1/1) D:6

Altars:
Ashenzari
Cheibriados
Fedhas
Gozag
Okawaru
Qazlal
Ru
Uskayaw
Vehumet
Wu Jian
Xom
Zin


Message History

Unknown command.
Unknown command.
Your foxfire dissipates!
The foxfire hits the hound!
The hound is heavily wounded.
The foxfire hits the jackal.
The jackal is moderately wounded.
The foxfire hits the jackal.
The jackal is almost dead.
The ice beast hits you.
* * * LOW HITPOINT WARNING * * *
The ice beast freezes you.
* * * LOW HITPOINT WARNING * * *
Okay, then.
As you read the scroll labelled OPLEIL FUG URY, it crumbles to dust.
The creatures around you are filled with an inner flame!
It was a scroll of immolation.
The ice beast hits you.
* * * LOW HITPOINT WARNING * * *
The ice beast freezes you!
You die...

.....#.#.<# .....# .# ......
.#####....# >...#####.# ##.###
.#.. .....# #.........$# #.###
.#.# ###..###.#.##.....# . #....
.#.#####..#...#.##.<...#..#######
.#.##[....#.#...##...............
.#.##.#..........................
.................Y.†..# ########
.#.##...........@h#...# #
..............###.#......# #
##.##.##...#..###.#......########
..................###....##......
##.#.........#.##)#########.#....
#.#........................+....
..#.....#.#.#.##.#########.#....
###.#####.#.#.##.####....#.#)...
#. #.#...#..>.......#.#....


You could see an ice beast (inner flame) and a hound (inner flame).

Vanquished Creatures
  A phantom (D:5)
  A centaur (D:6)
  2 scorpions
  A water moccasin skeleton (D:6)
  3 wights (D:6)
  3 orc priests (D:4)
  2 orc wizards (D:6)
  A bullfrog skeleton (D:4)
  A gnoll shaman (D:5)
  Terence (D:3)
  2 hound skeletons
  Robin (D:3)
  10 adders
  4 gnolls (D:5)
  A shadow imp (D:5)
  A white imp (D:6)
  3 ufetubi
  2 oozes
  An adder zombie (D:2)
  5 worms
  3 dart slugs
  10 leopard geckos
  11 orcs
  A ball python (D:1)
  A bat skeleton (D:2)
  A bat zombie (D:2)
  3 giant cockroaches
  20 goblins
  9 hobgoblins
  8 jackals
  3 quokkas
  5 bats
  8 frilled lizards
  10 kobolds
  A leopard gecko zombie (D:2)
  9 rats
149 creatures vanquished.

Vanquished Creatures (collateral kills)
  A foxfire (D:1)
1 creature vanquished.

Vanquished Creatures (others)
  676 foxfires
  6 plants (D:1)
  2 withered plants (D:2)
684 creatures vanquished.

Grand Total: 834 creatures vanquished

Notes
Turn   | Place    | Note
-------+----------+-------------------------------------------
     0 | D:1      | Jonnyslop the Deep Elf Fire Elementalist began the quest
                  | for the Orb.
     0 | D:1      | Reached XP level 1. HP: 10/10 MP: 6/6
    93 | D:1      | Reached XP level 2. HP: 15/15 MP: 3/8
   574 | D:1      | Reached skill level 4 in Spellcasting
   729 | D:1      | Reached XP level 3. HP: 19/19 MP: 3/10
  1618 | D:2      | Reached XP level 4. HP: 24/24 MP: 1/12
  1640 | D:2      | Learned a level 3 spell: Conjure Flame
  1646 | D:2      | Learned a level 4 spell: Sticky Flame
  1650 | D:2      | Learned a level 3 spell: Inner Flame
  1781 | D:2      | Reached skill level 5 in Spellcasting
  2416 | D:3      | Noticed Robin
  2421 | D:3      | Killed Robin
  2422 | D:3      | Reached XP level 5. HP: 27/28 MP: 3/14
  2430 | D:3      | Found a hide-covered altar of Uskayaw.
  3165 | D:3      | Found a shimmering altar of Xom.
  3411 | D:3      | Reached skill level 6 in Spellcasting
  3609 | D:3      | Noticed Terence
  3646 | D:3      | Killed Terence
  4347 | D:4      | Found a snail-covered altar of Cheibriados.
  4393 | D:4      | Reached XP level 6. HP: 32/32 MP: 9/17
  4399 | D:4      | Learned a level 5 spell: Fireball
  4566 | D:4      | Reached skill level 7 in Spellcasting
  5222 | D:4      | Reached skill level 5 in Fire Magic
  5361 | D:5      | Entered Level 5 of the Dungeon
  5463 | D:5      | Found an iron altar of Okawaru.
  5472 | D:5      | Reached XP level 7. HP: 36/36 MP: 14/20
  5986 | D:5      | Reached skill level 8 in Spellcasting
  6063 | D:5      | Found an opulent altar of Gozag.
  6998 | D:6      | Reached skill level 5 in Conjurations
  7061 | D:6      | Found a staircase to the Ecumenical Temple.
  7075 | Temple   | Entered the Ecumenical Temple
  7088 | Temple   | Became a worshipper of Vehumet
  7215 | D:6      | Reached XP level 8. HP: 21/41 MP: 18/22
  7503 | D:6      | Mangled by an ice beast

Illustrated notes

Levels and vault maps discovered:
D:1:      lightli_arrival_statuegarden, layout_rooms, lexackson_kobold_supper
D:2:      layout_rooms, serial_undead, serial_undead_c, serial_undead_a,
          serial_undead_b, serial_undead_b
D:3:      layout_loops_corners, old_standard_altar,
          lemuel_coloured_pillars_altar, uniq_robin, uniq_terence
D:4:      layout_gridville, kennysheep_slug_shrine, kennysheep_minor_cross
D:5:      layout_loops_ring, okawaru_metal_pillars_1_2,
          nicolae_gozag_seed_capital
D:6:      layout_basic, minmay_temple_entry_hall
Temple:   dshaligram_water_room_temple

Skill      XL: |  1  2  3  4  5  6  7 |
---------------+----------------------+-----
Spellcasting   | 4 5 6 7 8 |  8.7
Conjurations   | 2 3 4 5 |  5.3
Fire Magic     | 4 5 6 |  6.2
Dodging        | |  2.4
Stealth        | |  2.4

Action                   |  1- 3 |  4- 6 |  7- 9 || total
-------------------------+-------+-------+-------++-------
Melee: Spear             |    30 |    45 |     4 ||    79
 Cast: Foxfire           |    96 |   246 |   118 ||   460
  Use: Scroll            |       |    11 |     2 ||    13
       Potion            |       |     2 |       ||     2
 Stab: Sleeping          |       |     1 |       ||     1
Armor: Robe              |    17 |    28 |     9 ||    54
Dodge: Dodged            |    26 |    47 |    36 ||   109
